 Dungeon Sprint DCSS version 0.26-a0-1181-gd376ed14c5 (webtiles) character file.

Game seed: 12531641817476769758

607 sahdkjhfkaj the Destroyer (level 7, -17/50 HPs)
             Began as a White Draconian Fire Elementalist on Dec 26, 2020.
             Was a Believer of Makhleb.
             Shot with a bolt by a yaktaur (40 damage)
             ... in the Dungeon (Sprint V: "Ziggurat Sprint").
             The game lasted 00:01:06 (288 turns).

sahdkjhfkaj the Destroyer (DrFE)                     Turns: 288, Time: 00:01:06

Health: -17/50     AC:  6    Str: 10    XL:     7   Next: 19%
Magic:  5/16       EV: 12    Int: 18    God:    Makhleb [**....]
Gold:   0          SH:  0    Dex: 11    Spells: 13/19 levels left

rFire    . . .     SeeInvis .   C - +7 Singing Sword {vorpal, sonic wave}
rCold    + . .     Faith    .   (no shield)
rNeg     . . .     Spirit   .   (armour unavailable)
rPois    .         Reflect  .   (helmet restricted)
rElec    .         Harm     .   (no cloak)
rCorr    .         Rampage  .   (no gloves)
Will     .....     NoTele   +   (no boots)
Stlth    ++........             (no amulet)
HPRegen  0.16/turn              (no ring)
MPRegen  0.15/turn              (no ring)

@: no status effects
A: breathe frost, unfitting armour, cold resistance 1, cold-blooded, AC +6
a: Breathe Frost, Renounce Religion, Minor Destruction


You were in the Dungeon.
You worshipped Makhleb.
Makhleb was pleased with you.
You visited 1 branch

Inventory:

Hand Weapons
 C - the +7 Singing Sword (weapon) {vorpal, sonic wave}
   (You found it in the Dungeon)

   It inflicts extra damage upon your enemies.
Jewellery
 r - an uncursed ring of flight
 s - a +6 ring of dexterity
 t - a +6 ring of dexterity
 u - a +6 ring of intelligence
 v - a +6 ring of intelligence
 w - a +6 ring of strength
 x - a +6 ring of strength
Wands
 y - a wand of disintegration (7)
 z - a wand of iceblast (7)
 A - a wand of acid (7)
Scrolls
 f - 5 scrolls of identify
 g - 4 scrolls of blinking
 l - 4 scrolls of amnesia
 m - 7 scrolls of fog
 n - a scroll of holy word
 p - 5 scrolls of remove curse
 q - 2 scrolls of fear
Potions
 a - 2 potions of brilliance
 b - 10 potions of curing
 c - 10 potions of heal wounds
 d - 5 potions of haste
 e - 7 potions of magic
 h - a potion of invisibility
 i - 3 potions of resistance
 j - a potion of experience
 k - 4 potions of might
 o - 3 potions of berserk rage
Miscellaneous
 B - a lightning rod (4/4)


   Skills:
 - Level 1.7 Dodging
 - Level 1.7 Stealth
 + Level 6.5 Spellcasting
 * Level 10.1 Conjurations
 * Level 8.6 Fire Magic


You had 13 spell levels left.
You knew the following spells:

 Your Spells              Type           Power        Failure   Level
a - Foxfire               Conj/Fire      100%         1%          1
f - Fireball              Conj/Fire      19%          7%          5

Your spell library contained the following spells:

 Spells                   Type           Power        Failure   Level
 Conjure Flame            Conj/Fire      39%          1%          3
 Sticky Flame             Conj/Fire      39%          2%          4
 Inner Flame              Hex/Fire       21%          6%          3


Dungeon Overview and Level Annotations

Branches:
Dungeon (1/1)

Altars:
Ashenzari
Cheibriados
Dithmenos
Elyvilon
Fedhas
Gozag
Hepliaklqana
Kikubaaqudgha
Makhleb
Nemelex Xobeh
Okawaru
Qazlal
Ru
Sif Muna
Trog
Uskayaw
Vehumet
Wu Jian
Xom
Yredelemnul
Zin
The Shining One
Beogh
Jiyva
Lugonu

Annotations:
D 1 transporter


Innate Abilities, Weirdness & Mutations

You can breathe waves of freezing cold.
You can buffet flying creatures when you breathe cold.
Your icy white scales are hard. (AC +6)
You cannot fit into any form of body armour.
Your flesh is cold resistant. (rC+)
You are cold-blooded and may be slowed by cold attacks.


Message History

Unknown command.
Unknown command.
Unknown command.
Unknown command.
Unknown command.
Unknown command.
Unknown command.
Casting: Fireball (quite dangerous; 7% risk of failure)
Confirm with . or Enter, or press ? or * to list all spells.
The spell is quite dangerous to cast (7% risk of failure)!
Continue anyway?
Aiming: Fireball (quite dangerous; 7% risk of failure)
Press: ? - help, Shift-Dir - straight line, f - yaktaur
Aim: a yaktaur, wielding a +0 arbalest and quivering 20 bolts (moderately wounded)
The fireball explodes!
The fireball engulfs the yaktaur!
The yaktaur is heavily wounded.
The fireball engulfs the yaktaur!
The yaktaur is severely wounded.
The yaktaur shoots a bolt.
The bolt hits you!!!
Ouch! That really hurt!
You die...

▓▓▓▓▓▓▓▓▓▓▓▓▓▓▓▓▓▓▓
▓.8©8.▓.8©8.▓.8©8.▓
▓.)}[.▓.))=.▓.....▓
▓..cc.▓.....▓.=.|.▓
▓.....▓.....▓.[[..▓
▓.....▓.....▓.....▓
▓.....▓.....▓..©..▓
▓..@..▓..©..▓▓▓▓▓▓▓
▓▓▓▓▓▓▓▓▓▓▓▓▓


You could see 2 yaktaurs.

Vanquished Creatures
  2 trolls (D)
  2 centaurs (D)
  An iron imp (D)
  An ufetubus (D)
  A bat zombie (D)
7 creatures vanquished.

Notes
Turn   | Place    | Note
-------+----------+-------------------------------------------
     0 | D        | sahdkjhfkaj the Draconian Fire Elementalist began the quest
                  | for the Orb.
     0 | D        | Reached XP level 1. HP: 14/14 MP: 3/3
     0 | D        | Found a shimmering blue altar of Sif Muna.
     0 | D        | Found a sacrificial altar of Ru.
     0 | D        | Found a bloodstained altar of Trog.
     0 | D        | Found a stormy altar of Qazlal.
     0 | D        | Found an iron altar of Okawaru.
     0 | D        | Found a sparkling altar of Nemelex Xobeh.
     0 | D        | Found a blossoming altar of Fedhas.
     1 | D        | Found the +6 Majin-Bo {vamp, MP+6 Int+6}
     1 | D        | Found the +9 heavy crossbow "Sniper" {vorpal, Acc+∞ SInv}
     1 | D        | Found the +10 dark maul {vorpal}
     1 | D        | Found the +15 Maxwell's patent armour {-Cast -Tele rElec
                  | Will+ rCorr}
     1 | D        | Found the +18 shield of the Gong {rElec rN+ Will+ EV-5}
     1 | D        | Found the cursed +14 obsidian axe {vorpal, +Fly SInv
                  | *Curse}
     1 | D        | Found the +7 great mace "Firestarter" {inner flame, rF++}
     1 | D        | Found the +6 shillelagh "Devastator" {shatter}
     1 | D        | Found the +11 plutonium sword {*Contam Stlth-}
     1 | D        | Found the +8 lance "Wyrmbane" {slay drac, rPois rF+ rC+
                  | AC+3}
     1 | D        | Found the +9 sword of Zonguldrok {reap}
     1 | D        | Found the cursed +13 scythe of Curses {drain, *Curse}
     1 | D        | Found the +5 sword of Power {vorpal}
     1 | D        | Found the +7 mace of Variability {chain chaos}
     1 | D        | Found the +7 Singing Sword {vorpal, sonic wave}
     1 | D        | Found the +8 storm bow {elec, penet}
     2 | D        | Found a transporter.
     2 | D        | Found an ancient bone altar of Kikubaaqudgha.
     2 | D        | Found a viscous altar of Jiyva.
     2 | D        | Found a corrupted altar of Lugonu.
     2 | D        | Found a hazy altar of Hepliaklqana.
     2 | D        | Found a burning altar of Makhleb.
     2 | D        | Found an opulent altar of Gozag.
    48 | D        | Became a worshipper of Makhleb the Destroyer
    60 | D        | Entered arena 2.
    60 | D        | Noticed a troll
    60 | D        | Noticed a troll
    60 | D        | Found a transporter.
    62 | D        | Killed a troll
    63 | D        | Reached skill level 3 in Conjurations
    63 | D        | Reached skill level 7 in Conjurations
    63 | D        | Reached XP level 2. HP: 20/20 MP: 3/7
    63 | D        | Reached XP level 3. HP: 26/26 MP: 3/9
    63 | D        | Reached XP level 4. HP: 33/33 MP: 3/10
    63 | D        | Reached XP level 5. HP: 38/38 MP: 3/12
    64 | D        | Killed a troll
    65 | D        | Reached skill level 9 in Conjurations
    65 | D        | Reached XP level 6. HP: 22/45 MP: 3/15
    69 | D        | Entered arena 3.
    69 | D        | Found a transporter.
    74 | D        | Reached * piety under Makhleb
    87 | D        | Learned a level 5 spell: Fireball
   286 | D        | Entered arena 4.
   286 | D        | Noticed a yaktaur
   286 | D        | Noticed a yaktaur
   286 | D        | Found a transporter.
   287 | D        | Identified the +5 mace of Lugonu's Reproof {distort, *Noise
                  | rPois Int+4 SInv}
   287 | D        | Reached ** piety under Makhleb
   288 | D        | Reached skill level 10 in Conjurations
   288 | D        | Reached skill level 10 in Fire Magic
   288 | D        | Your scales start taking on an icy white colour.
   288 | D        | Reached XP level 7. HP: 23/50 MP: 10/16
   288 | D        | Gained mutation: Your flesh is cold resistant. (rC+) [White
                  | Draconian growth]
   288 | D        | Shot with a bolt by a yaktaur

Illustrated notes

Levels and vault maps discovered:
D:        sprint_v [room_start, room_1, room_2, room_3, room_4, room_5, room_6,
          room_7, room_8, room_9, room_10, room_11, room_12, room_13, room_14,
          room_15, room_16, room_17, room_18, room_19, room_20, room_21,
          room_22, room_23, room_24, room_25, room_26, room_27]

Skill      XL: |  1  2  3  4  5  6 |
---------------+-------------------+-----
Conjurations   | 7 9 10 | 10.1
Spellcasting   | 4 6 |  6.5
Fire Magic     | 7 9 8 |  8.6
Dodging        | |  1.7
Stealth        | |  1.7

Action                   |  1- 3 |  4- 6 |  7- 9 || total
-------------------------+-------+-------+-------++-------
Melee: Double sword      |     1 |     7 |       ||     8
 Cast: Fireball          |       |     1 |     1 ||     2
  Use: Potion            |     4 |       |       ||     4
 Stab: Invisible         |       |     2 |       ||     2
       Sleeping          |       |     2 |       ||     2
Armor: Skin              |       |     2 |       ||     2
Dodge: Dodged            |       |     5 |       ||     5
       Rpst.: Double sword |       |     1 |       ||     1

Table legend: (Time is in decaauts)
 A = Elapsed time spent in this place.
 B = Non-inter-level travel time spent in this place.
 C = Inter-level travel time spent in this place.
 D = Time resting spent in this place.
 E = Time spent auto-exploring this place.
 F = Levels seen in this place.
 G = Mean time per level.
                   A        B        C        D        E       F      G
               +--------+--------+--------+--------+--------+-----+--------+
         Total |    273 |    273 |      0 |    190 |     21 |   1 |  273.0 |
       Dungeon |    273 |    273 |      0 |    190 |     21 |   1 |  273.0 |
               +--------+--------+--------+--------+--------+-----+--------+

Top non-repeatable levels by time:
       D: 273 daAuts
